[Event "Titled Tuesday Blitz November 29 Late 2022"]
[White "Yeritsyan, Hayk"]
[Black "Hardaway, Brewington"]
[WhiteFideId "13307320"]
[BlackFideId "30941849"]
[WhiteElo "2403"]
[BlackElo "2159"]
[Result "1-0"]
[Round "01"]
[TimeControl "180+1"]
[Date "2022.11.30"]
[WhiteClock "0:00:20"]
[BlackClock "0:00:03"]

1. d4 Nf6 2. Nf3 e6 3. e3 b6 4. Bd3 Bb7 5. Nbd2 c5 6. c3 Nc6 7. Qe2 Rc8 8. O-O cxd4 9. exd4 d5 10. Re1 Bd6 11. Ne5 O-O 12. f4 Ne7 13. Qf3 Ng6 14. g4 a6 15. g5 Nd7 16. Qg4 Re8 17. h4 Bf8 18. h5 Ngxe5 19. fxe5 g6 20. Nf3 Bg7 21. Nh4 Nf8 22. Rf1 Qe7 23. Rf6 b5 24. a3 Bc6 25. Bd2 Red8 26. Raf1 Be8 27. hxg6 fxg6 28. R1f2 Rc6 29. Rh2 Bxf6 30. gxf6 Qf7 31. Nf3 h5 32. Rxh5 Rc7 33. Nh4 Rdd7 34. Nxg6 Qxg6 35. Bxg6 Bxg6 36. Bh6 Kf7 37. Rg5 Bf5 38. Rg7+ Ke8 39. Qh5+ Rf7 40. Rg8 Kd7 41. Rxf8 Kc6 42. Rxf7 Rc8 43. Qg5 Be4 44. Qg7 Kb6 45. Rb7+ Ka5 46. Rc7 Rb8 47. Rb7 Rc8 48. Qe7 Ka4 49. Qb4# 1-0


[Site "https://www.chess.com"]

[Event "Titled Tuesday Blitz November 29 Late 2022"]
[White "Yi, Richard"]
[Black "Todev, Simeon"]
[WhiteFideId "2079518"]
[BlackFideId "2925133"]
[WhiteElo "2147"]
[BlackElo "1938"]
[Result "1-0"]
[Round "01"]
[TimeControl "180+1"]
[Date "2022.11.30"]
[WhiteClock "0:00:55"]
[BlackClock "0:00:46"]

1. e4 c5 2. Nf3 Nc6 3. d4 cxd4 4. Nxd4 e5 5. Nb5 a6 6. Nd6+ Bxd6 7. Qxd6 Qf6 8. Qc7 Nge7 9. Nc3 O-O 10. Be3 Qe6 11. O-O-O b5 12. Rd6 Qg4 13. h3 Qh5 14. Be2 Qg6 15. Rxg6 hxg6 16. Nd5 Nxd5 17. exd5 Nd4 18. Qxe5 Nxe2+ 19. Kd2 d6 20. Qxd6 Bf5 21. Kxe2 Rad8 22. Qxa6 Rxd5 23. Rd1 Re5 24. Qd6 Rfe8 25. Rd5 Re4 26. Rxb5 R8e6 27. Rb8+ Kh7 28. Qd8 g5 29. Qh8+ Kg6 30. g4 1-0


[Site "https://www.chess.com"]

[Event "Titled Tuesday Blitz November 29 Late 2022"]
[White "Yoo, Christopher Woojin"]
[Black "Sadovsky, Artem"]
[WhiteFideId "30909694"]
[BlackFideId "4155840"]
[WhiteElo "2925"]
[BlackElo "2500"]
[Result "0-1"]
[Round "01"]
[TimeControl "180+1"]
[Date "2022.11.30"]
[WhiteClock "0:00:04"]
[BlackClock "0:00:21"]

1. c4 g6 2. g3 Bg7 3. Bg2 d6 4. Nc3 e5 5. e3 f5 6. Nge2 Nf6 7. O-O O-O 8. d4 e4 9. f3 exf3 10. Bxf3 Qe7 11. Nf4 c6 12. Bd2 g5 13. Nd3 Ne4 14. Bxe4 fxe4 15. Rxf8+ Bxf8 16. Nf2 Bf5 17. Qb3 h5 18. Rf1 Bg6 19. Nfxe4 Bxe4 20. Nxe4 Qxe4 21. Qa3 c5 22. dxc5 Qxc4 23. cxd6 Nc6 24. Rf5 Bh6 25. d7 Qe6 26. Qd3 Rd8 27. Rd5 Ne5 28. Qe4 Bg7 29. Bc3 Rxd7 30. Rxe5 Bxe5 31. Qxe5 Qxe5 32. Bxe5 Rd2 33. Bd4 a6 34. h4 g4 35. Bc3 Rc2 36. Kf1 Kf7 37. e4 Ke6 38. a4 b5 39. a5 b4 40. Bxb4 Ke5 41. Be1 Kxe4 42. b3 Kf3 43. b4 Rc1 44. b5 axb5 45. a6 Ra1 46. a7 Rxa7 47. Bc3 b4 48. Bd4 b3 49. Ke1 Rd7 50. Bb2 Rd3 51. Bf6 Kxg3 52. Ke2 Rd5 53. Ke3 Rb5 54. Bb2 Rb7 55. Be5+ Kh3 56. Bb2 g3 57. Kf3 g2 0-1


[Site "https://www.chess.com"]

[Event "Titled Tuesday Blitz November 29 Late 2022"]
[White "Young, Ryan"]
[Black "Olafsson, Helgi"]
[WhiteFideId "2049945"]
[BlackFideId "2300010"]
[WhiteElo "2304"]
[BlackElo "2463"]
[Result "0-1"]
[Round "01"]
[TimeControl "180+1"]
[Date "2022.11.30"]
[WhiteClock "0:00:14"]
[BlackClock "0:00:05"]

1. e4 c5 2. c3 Nf6 3. e5 Nd5 4. Nf3 d6 5. Bc4 e6 6. d4 cxd4 7. cxd4 Nb6 8. Bd3 dxe5 9. dxe5 N8d7 10. O-O Nc5 11. Bb5+ Bd7 12. Bxd7+ Qxd7 13. Qe2 Qd3 14. Nc3 Qxe2 15. Nxe2 Be7 16. Rd1 O-O 17. Be3 Nd5 18. Bd4 Rfd8 19. Rac1 b6 20. Ng3 Kf8 21. Bxc5 Bxc5 22. Ne4 Be7 23. Rc4 Rac8 24. Rcc1 Ke8 25. Kf1 h6 26. h3 g5 27. g3 Nb4 28. a3 Rxd1+ 29. Rxd1 Nd5 30. Rd2 Rc4 31. Re2 b5 32. Kg2 a5 33. Kf1 b4 34. axb4 axb4 35. Ke1 Rc1+ 36. Kd2 Rh1 37. Kc2 Rxh3 38. Kb3 Rh5 39. Ne1 g4 40. Nd3 Rf5 41. Nd2 h5 42. Kc4 h4 43. gxh4 Rh5 44. Re4 Rxh4 45. f3 g3 46. Rxh4 Bxh4 47. Ne1 Nf4 48. Ne4 g2 49. Nxg2 Nxg2 50. Kxb4 Ne1 51. f4 Nd3+ 52. Kc4 Nxb2+ 53. Kd4 Nd1 54. Nd6+ Kf8 55. Ke4 Nf2+ 56. Kf3 Nd3 57. Ke4 Nc5+ 58. Kf3 Be7 59. Nc4 Kg7 60. Kg4 Kg6 61. Ne3 Nd3 62. Ng2 Bd8 63. Ne3 Bb6 64. Ng2 Bf2 65. Kf3 Bc5 66. Kg4 Ba3 67. Nh4+ Kg7 68. f5 Nxe5+ 69. Kf4 Bd6 70. fxe6 Ng6+ 71. Kg5 Be7+ 72. Kh5 Bxh4 73. exf7 Kxf7 74. Kg4 Kf6 75. Kf3 Kf5 76. Ke3 Bg5+ 77. Kd3 Ke5 78. Kc4 Nf4 79. Kc5 Be7+ 80. Kc4 Ke4 81. Kb5 Kd5 82. Kb6 Ne6 83. Kb5 Bc5 84. Ka4 Kc4 85. Ka5 Nc7 86. Ka4 Bb6 87. Ka3 Nd5 88. Ka4 Nb4 89. Ka3 Bc7 90. Ka4 Nd5 91. Ka3 Nf4 92. Ka4 Nd3 93. Ka3 Bb6 94. Ka4 Nb2+ 95. Ka3 Kc3 96. Ka2 Kc2 97. Ka3 Bc5+ 98. Ka2 Nd3 99. Ka1 Bb4 100. Ka2 Nc1+ 101. Ka1 Bc3# 0-1


[Site "https://www.chess.com"]

[Event "Titled Tuesday Blitz November 29 Late 2022"]
[White "Yurovskykh, Oleksandr"]
[Black "Fareh, Youness"]
[WhiteFideId "14134020"]
[BlackFideId "9000526"]
[WhiteElo "2265"]
[BlackElo "1849"]
[Result "1-0"]
[Round "01"]
[TimeControl "180+1"]
[Date "2022.11.30"]
[WhiteClock "0:01:39"]
[BlackClock "0:01:43"]

1. d4 Nf6 2. Nf3 c5 3. c3 d5 4. Bf4 Nc6 5. e3 e6 6. Nbd2 cxd4 7. exd4 Be7 8. Bd3 O-O 9. O-O Nh5 10. Be3 f5 11. Ne5 Nf6 12. Bf4 Ne4 13. f3 Bg5 14. fxe4 fxe4 15. Nxc6 bxc6 16. Bxg5 Qxg5 17. Rxf8+ Kxf8 18. Be2 Bd7 19. Nf1 Kg8 20. Qd2 Rf8 21. Qxg5 1-0


[Site "https://www.chess.com"]

[Event "Titled Tuesday Blitz November 29 Late 2022"]
[White "Zhang, Derek"]
[Black "Svane, Frederik"]
[WhiteFideId "2087871"]
[BlackFideId "12923044"]
[WhiteElo "2506"]
[BlackElo "2963"]
[Result "1/2-1/2"]
[Round "01"]
[TimeControl "180+1"]
[Date "2022.11.30"]
[WhiteClock "0:00:07"]
[BlackClock "0:00:08"]

1. Nf3 Nf6 2. c4 e6 3. e3 d5 4. Nc3 Bd6 5. b3 O-O 6. Bb2 c5 7. cxd5 exd5 8. d4 cxd4 9. Nxd4 Nc6 10. Be2 Re8 11. O-O Nxd4 12. Qxd4 Be5 13. Qd2 Be6 14. Bf3 Rc8 15. Nb5 Bxb2 16. Qxb2 Qb6 17. Nd4 Bg4 18. Bxg4 Nxg4 19. Rac1 Qd6 20. Nf3 h6 21. h3 Nf6 22. Rfd1 Ne4 23. Qd4 a5 24. Rxc8 Rxc8 25. Qxd5 Qxd5 26. Rxd5 Rc1+ 27. Kh2 Nxf2 28. Rxa5 g5 29. Rb5 Kg7 30. Rxb7 Rh1+ 31. Kg3 Ne4+ 32. Kg4 Ra1 33. Ne5 Rf1 34. h4 Nf6+ 35. Kg3 Ne4+ 36. Kg4 Nf6+ 37. Kh3 Rh1+ 38. Kg3 gxh4+ 39. Kf3 Rf1+ 40. Ke2 Rf5 41. Nxf7 Rd5 42. Ne5+ Kg8 43. Nf3 Ne4 44. a4 Nc3+ 45. Kf2 Ne4+ 46. Kg1 Rd1+ 47. Kh2 Nf2 48. g3 Ng4+ 49. Kh3 Nxe3 50. gxh4 Rd3 51. Kg3 Nc2 52. Kf4 Na1 53. b4 Ra3 54. a5 Nc2 55. Rb6 Ra4 56. a6 Nxb4 57. Kf5 Nxa6 58. Ne5 Nc5 59. Kg6 Ra6 60. Rxa6 Nxa6 61. Kxh6 Nc5 62. Kg6 Ne6 63. h5 Nf4+ 64. Kg5 Nxh5 1/2-1/2


[Site "https://www.chess.com"]

[Event "Titled Tuesday Blitz November 29 Late 2022"]
[White "Zhigalko, Sergei"]
[Black "Kirillov, Dmitry"]
[WhiteFideId "13502956"]
[BlackFideId "34180572"]
[WhiteElo "2662"]
[BlackElo "2095"]
[Result "1-0"]
[Round "01"]
[TimeControl "180+1"]
[Date "2022.11.30"]
[WhiteClock "0:00:20"]
[BlackClock "0:00:19"]

1. e4 c6 2. d4 d5 3. e5 c5 4. Nf3 Nc6 5. dxc5 Bg4 6. c3 e6 7. Be3 Bxf3 8. Qxf3 Nxe5 9. Bb5+ Nc6 10. O-O Nf6 11. c4 Be7 12. Nc3 a6 13. Ba4 Qa5 14. cxd5 exd5 15. Rad1 O-O 16. Bb3 d4 17. Bxd4 Nxd4 18. Rxd4 Qxc5 19. Rfd1 b5 20. Nd5 Rac8 21. g3 h6 22. Kg2 a5 23. a3 a4 24. Ba2 Qa7 25. Rf4 Rfd8 26. Rf5 Nxd5 27. Rxf7 Rf8 28. Qxd5 Kh8 29. Qxb5 Rxf7 30. Bxf7 Rf8 31. Rd7 Rxf7 32. Rxa7 1-0


[Site "https://www.chess.com"]

[Event "Titled Tuesday Blitz November 29 Late 2022"]
[White "Abasov, Nijat"]
[Black "Yi, Richard"]
[WhiteFideId "13402960"]
[BlackFideId "2079518"]
[WhiteElo "2546"]
[BlackElo "2147"]
[Result "1-0"]
[Round "02"]
[TimeControl "180+1"]
[Date "2022.11.30"]
[WhiteClock "0:00:17"]
[BlackClock "0:00:05"]

1. d4 Nf6 2. Nf3 d5 3. Bf4 c5 4. e3 cxd4 5. exd4 Nc6 6. c3 Bf5 7. Qb3 Qc8 8. h3 e6 9. Nbd2 Be7 10. Nh4 Bg6 11. Nxg6 hxg6 12. Bd3 a6 13. a4 O-O 14. O-O Na5 15. Qd1 Qc6 16. Qe2 Rfc8 17. Rfe1 Nc4 18. Nxc4 dxc4 19. Bc2 b5 20. axb5 axb5 21. Be5 Rxa1 22. Rxa1 Ra8 23. Qe1 b4 24. Rxa8+ Qxa8 25. cxb4 Qb7 26. Qa1 Nd5 27. Be4 Bxb4 28. Qa4 Be1 29. Qe8+ Kh7 30. Qf8 f6 31. Qe8 f5 32. Bf3 Bb4 33. Qxe6 Nc7 34. Qf7 1-0


[Site "https://www.chess.com"]

[Event "Titled Tuesday Blitz November 29 Late 2022"]
[White "Abdrlauf, Elham"]
[Black "Gajwa Ankit"]
[WhiteFideId "1533533"]
[BlackFideId "5077834"]
[WhiteElo "2447"]
[BlackElo "2145"]
[Result "1-0"]
[Round "02"]
[TimeControl "180+1"]
[Date "2022.11.30"]
[WhiteClock "0:00:08"]
[BlackClock "0:00:18"]

1. e4 c5 2. Nf3 d6 3. d4 cxd4 4. Nxd4 Nf6 5. Nc3 g6 6. Be3 Bg7 7. f3 O-O 8. Qd2 Nc6 9. O-O-O d5 10. Kb1 Nxd4 11. Bxd4 dxe4 12. fxe4 Be6 13. Be2 Qc7 14. Bf3 Rfd8 15. Nd5 Nxd5 16. Bxg7 Ne3 17. Qxe3 Kxg7 18. h4 Rxd1+ 19. Rxd1 Rd8 20. Rxd8 Qxd8 21. Qxa7 Qd2 22. b3 b5 23. Qc5 b4 24. Qxe7 Qe1+ 25. Kb2 Qc3+ 26. Kc1 Qe1+ 27. Bd1 Qe3+ 28. Kb1 Qd2 29. Kb2 Qxd1 30. Qxb4 Qe2 31. a4 Qa6 32. c4 Qc6 33. c5 f5 34. Qc3+ Kf7 35. exf5 Qxg2+ 36. Ka3 gxf5 37. c6 f4 38. c7 Qb7 39. Qd3 f3 40. Qxh7+ Kf6 41. Qc2 Ke7 42. h5 f2 43. c8=Q Qxc8 44. Qxf2 Qc3 45. Qa7+ Kf6 46. Qf2+ Ke7 47. Qa7+ Kf8 48. Qb8+ Kg7 49. Qb6 Qa1+ 50. Kb4 Qe1+ 51. Kc5 Qe3+ 52. Kc6 Bd5+ 53. Kc7 Qe6 54. Qxe6 Bxe6 55. b4 Bc4 56. b5 Kh6 57. b6 Ba6 58. b7 Bxb7 59. Kxb7 Kxh5 60. a5 1-0


[Site "https://www.chess.com"]

[Event "Titled Tuesday Blitz November 29 Late 2022"]
[White "Abdyzhapar, Asylbek"]
[Black "Chernomordik, Pavel"]
[WhiteFideId "13800337"]
[BlackFideId "2804530"]
[WhiteElo "2323"]
[BlackElo "2192"]
[Result "1-0"]
[Round "02"]
[TimeControl "180+1"]
[Date "2022.11.30"]
[WhiteClock "0:01:34"]
[BlackClock "0:01:43"]

1. e4 g6 2. d4 Bg7 3. Nc3 d6 4. f4 a6 5. Nf3 b5 6. Bd3 Nd7 7. O-O c5 8. dxc5 Nxc5 9. a3 Bb7 10. Be3 Qc7 11. Kh1 Nf6 12. e5 Ng4 13. Bxc5 Qxc5 14. Ne4 Bxe4 15. Bxe4 Rd8 16. b4 Nf2+ 17. Rxf2 Qxf2 18. Bc6+ Kf8 19. Qd5 e6 20. Qe4 d5 21. Qd3 Qb6 22. Nd4 Rc8 23. Qc3 Ke7 24. a4 Rc7 25. axb5 axb5 26. h4 Rhc8 27. Ra6 Qxa6 28. Qc5+ Kd8 29. Qd6+ 1-0


[Site "https://www.chess.com"]

[Event "Titled Tuesday Blitz November 29 Late 2022"]
[White "Adel, Sara"]
[Black "Kalogeris, Ioannis"]
[WhiteFideId "10616764"]
[BlackFideId "4239563"]
[WhiteElo "1994"]
[BlackElo "2312"]
[Result "1/2-1/2"]
[Round "02"]
[TimeControl "180+1"]
[Date "2022.11.30"]
[WhiteClock "0:00:19"]
[BlackClock "0:00:22"]

1. e4 e5 2. Nf3 Nc6 3. Bc4 Bc5 4. b4 Bxb4 5. c3 Ba5 6. Qb3 Nh6 7. d4 O-O 8. Bxh6 gxh6 9. d5 Nd4 10. Nxd4 exd4 11. d6 dxc3 12. Nxc3 Qf6 13. Rc1 Qxd6 14. O-O c6 15. Rfd1 Qg6 16. Rd3 Bc7 17. e5 Bxe5 18. Re1 Re8 19. Rg3 d5 20. Rxg6+ hxg6 21. Be2 b5 22. Nxd5 cxd5 23. Qxd5 Bf5 24. Bxb5 Rad8 25. Qb7 Bxh2+ 26. Kxh2 Rxe1 27. Bc4 Be6 28. Bxe6 Rxe6 29. Qxa7 Rd2 30. a4 Ra2 31. Qb8+ Kg7 32. Qb4 Rxf2 33. Qd4+ Rff6 34. a5 Rd6 35. Qc3 Ra6 36. Kh3 Kh7 37. g3 Rfc6 38. Qb3 Re6 39. Qb4 Kg7 40. Qc3+ Kh7 41. Kh2 h5 42. Kh3 Rf6 43. Qd4 Rae6 44. Qd7 Rf2 45. Qd4 Ree2 46. g4 Rh2+ 47. Kg3 Reg2+ 48. Kf3 Rxg4 49. Qf6 Rh3+ 50. Kf2 Kg8 51. Qd8+ Kg7 52. a6 Rh2+ 53. Kf3 Rh3+ 54. Kf2 Rh2+ 55. Kf3 Ra2 56. Qd3 Rga4 57. Qc3+ Kh7 58. Qc7 R2a3+ 59. Ke2 Kg7 60. Qe5+ Kh7 61. Qf6 Ra2+ 62. Ke3 R2a3+ 63. Ke2 Rxa6 64. Qxf7+ Kh6 65. Qf8+ Kg5 66. Qc5+ Kg4 67. Qg1+ Kf5 68. Qc5+ Ke6 69. Qc4+ Ke5 70. Qc5+ Ke6 71. Qc4+ Kd6 72. Qb4+ Kc6 73. Qe4+ Kc5 74. Qe5+ Kc4 75. Qe4+ Kb3 76. Qd3+ Kb4 77. Qd4+ Kb5 78. Qd5+ Kb6 79. Qd6+ Kb7 80. Qd7+ Ka8 81. Qc8+ Ka7 82. Qc7+ Ka8 83. Qc8+ Ka7 84. Qc7+ Ka8 85. Qc8+ 1/2-1/2


[Site "https://www.chess.com"]

[Event "Titled Tuesday Blitz November 29 Late 2022"]
[White "Adla, Diego"]
[Black "Leebit02"]
[WhiteFideId "100072"]
[WhiteElo "2377"]
[BlackElo "2317"]
[Result "1-0"]
[Round "02"]
[TimeControl "180+1"]
[Date "2022.11.30"]
[WhiteClock "0:00:19"]
[BlackClock "0:00:12"]

1. Nf3 Nf6 2. g3 d5 3. c4 e6 4. Bg2 Be7 5. O-O O-O 6. d4 dxc4 7. Na3 Bxa3 8. bxa3 b6 9. Ne5 Nd5 10. Nxc4 Ba6 11. Qc2 Nd7 12. Rd1 Rc8 13. e4 Ne7 14. Bb2 Bb7 15. d5 exd5 16. exd5 Ng6 17. h4 Nf6 18. Rac1 Re8 19. Ne3 Ne5 20. Rd2 Qd7 21. Rcd1 h5 22. Qf5 Qxf5 23. Nxf5 Rcd8 24. Ne3 g6 25. a4 Nfd7 26. a5 Nc5 27. Ba3 Ned7 28. d6 Bxg2 29. dxc7 Rc8 30. Kxg2 Rxc7 31. Nd5 Rc6 32. axb6 axb6 33. Bb2 Kh7 34. Nf4 Re7 35. Rc2 Ne5 36. Nd5 Ree6 37. Nb4 Rc8 38. Re1 Rce8 39. Rce2 Ned3 40. Rxe6 Rxe6 41. Rxe6 fxe6 42. Nxd3 Nxd3 43. Bd4 Nb4 44. a3 Nd5 45. Kf3 Kg8 46. Ke4 Kf7 47. Ke5 Ke7 48. f3 Kd7 49. g4 Ke7 50. Bf2 hxg4 51. fxg4 Nc3 52. Bxb6 Nd5 53. Bc5+ Kd7 54. h5 gxh5 55. gxh5 Ke8 56. a4 Kf7 57. a5 Nc7 58. Bb6 Na6 59. Kd6 Kg7 60. Be3 Kf6 61. Kc6 e5 62. Kb7 Nb4 63. h6 Kg6 64. Bd2 1-0


[Site "https://www.chess.com"]

[Event "Titled Tuesday Blitz November 29 Late 2022"]
[White "Adury, Anant"]
[Black "Dzierzak, Radoslaw"]
[WhiteFideId "30964687"]
[BlackFideId "1161407"]
[WhiteElo "2166"]
[BlackElo "2111"]
[Result "0-1"]
[Round "02"]
[TimeControl "180+1"]
[Date "2022.11.30"]
[WhiteClock "0:02:07"]
[BlackClock "0:00:37"]

1. Nf3 Nf6 2. g3 d5 3. Bg2 e6 4. O-O c5 5. d3 Nc6 6. Nbd2 Be7 7. e4 dxe4 8. Nxe4 O-O 9. Be3 Nd4 10. Nxf6+ Bxf6 11. c3 Nxf3+ 12. Bxf3 Qc7 13. Kg2 Bd7 14. h4 Bc6 15. Bxc6 Qxc6+ 16. Qf3 Qxf3+ 17. Kxf3 Rfd8 18. Bxc5 Rxd3+ 19. Ke2 Rd5 20. Be3 a6 21. Rad1 Rad8 22. Rxd5 Rxd5 23. Rd1 Rxd1 24. Kxd1 h5 25. Kc2 g6 26. Kd3 Kf8 27. Kc4 Ke8 28. Kc5 Kd7 29. Kb6 Kc8 30. Bd4 Bd8+ 31. Kc5 Kc7 32. a4 Be7+ 33. Kc4 Kc6 34. b4 b5+ 35. axb5+ axb5+ 36. Kd3 Kd5 37. f4 f6 38. Be3 e5 39. fxe5 fxe5 40. Ke2 Kc4 41. Bd2 e4 42. Ke3 Bf6 43. Kxe4 Bxc3 0-1


[Site "https://www.chess.com"]

[Event "Titled Tuesday Blitz November 29 Late 2022"]
[White "Aggelis, Nikolaos"]
[Black "Young, Ryan"]
[WhiteFideId "4213220"]
[BlackFideId "2049945"]
[WhiteElo "2189"]
[BlackElo "2302"]
[Result "1/2-1/2"]
[Round "02"]
[TimeControl "180+1"]
[Date "2022.11.30"]
[WhiteClock "0:00:07"]
[BlackClock "0:00:59"]

1. d4 Nf6 2. Nf3 e6 3. c4 Bb4+ 4. Nbd2 O-O 5. Qb3 Bxd2+ 6. Bxd2 d6 7. e3 Nbd7 8. Bd3 e5 9. dxe5 dxe5 10. Qc2 Qe7 11. Be2 b6 12. O-O Bb7 13. Rfd1 Rfd8 14. Bc3 Ne4 15. Be1 c5 16. a3 Ng5 17. Nxg5 Qxg5 18. Bf1 Nf6 19. Rxd8+ Rxd8 20. Rd1 Ne8 21. Rxd8 Qxd8 22. Qd2 Qxd2 23. Bxd2 f6 24. b4 Kf7 25. Bd3 g6 26. Kf1 Ke6 27. f3 Nd6 28. e4 Ba6 29. b5 Bb7 30. a4 Ne8 31. Ke2 Ke7 32. a5 Nc7 33. Ke3 Ne6 34. a6 Bc8 35. Bc1 Nd4 36. Ba3 Kd6 37. Kd2 Nb3+ 38. Ke3 Nd4 39. Kf2 Bd7 40. Ke3 Bc8 1/2-1/2


[Site "https://www.chess.com"]

[Event "Titled Tuesday Blitz November 29 Late 2022"]
[White "Aguilar, Juan"]
[Black "Ward, Ieuan C"]
[WhiteFideId "3800091"]
[BlackFideId "406627"]
[WhiteElo "2518"]
[BlackElo "2298"]
[Result "1-0"]
[Round "02"]
[TimeControl "180+1"]
[Date "2022.11.30"]
[WhiteClock "0:00:23"]
[BlackClock "0:00:04"]

1. d4 Nf6 2. c4 e6 3. Nf3 b6 4. g3 Bb7 5. Bg2 Be7 6. O-O O-O 7. d5 exd5 8. Nh4 Ne4 9. cxd5 Bxh4 10. Bxe4 Bg5 11. Nc3 c5 12. Qd3 h6 13. f4 Bf6 14. Bf3 d6 15. e4 Ba6 16. Nb5 Bxb5 17. Qxb5 a6 18. Qe2 Re8 19. Be3 b5 20. Rad1 Nd7 21. b3 Rc8 22. Qc2 Qa5 23. Bf2 c4 24. Bg4 cxb3 25. Qxb3 Nc5 26. Qf3 Rc7 27. e5 dxe5 28. fxe5 Rxe5 29. d6 Ra7 30. d7 Qd8 31. Bxc5 Rxc5 32. Rfe1 Re5 33. Rxe5 Bxe5 34. Qc6 Ra8 35. Qc8 Bf6 36. Re1 Kh7 37. Re8 Qb6+ 38. Kg2 Ra7 39. Rh8+ Kg6 40. Qc2+ Kg5 41. Qf5# 1-0


[Site "https://www.chess.com"]

[Event "Titled Tuesday Blitz November 29 Late 2022"]
[White "Al-Tarboush, Ward"]
[Black "Rustemov, Alexander"]
[WhiteFideId "7601450"]
[BlackFideId "4119002"]
[WhiteElo "2273"]
[BlackElo "2857"]
[Result "1-0"]
[Round "02"]
[TimeControl "180+1"]
[Date "2022.11.30"]
[WhiteClock "0:02:09"]
[BlackClock "0:00:15"]

1. e4 e6 2. d4 d5 3. exd5 exd5 4. Bd3 Nc6 5. Nf3 Bg4 6. c3 Qf6 7. Nbd2 O-O-O 8. O-O Bd6 9. Re1 Nge7 10. b4 Rhe8 11. b5 Na5 12. Qa4 b6 13. Ne5 Bf5 14. Bxf5+ Nxf5 15. Ndf3 h6 16. Ba3 Bxe5 17. Nxe5 Kb7 18. Bb4 Nc4 19. Qa6+ Ka8 20. Nc6 Qxc6 21. bxc6 Nfd6 22. Bxd6 Nxd6 23. a4 Rb8 24. Kf1 Re6 25. Rxe6 fxe6 26. Re1 Re8 27. f4 g6 28. g4 Re7 29. f5 1-0


[Site "https://www.chess.com"]

[Event "Titled Tuesday Blitz November 29 Late 2022"]
[White "Aldokhin, Ivan"]
[Black "Indjic, Aleksandar"]
[WhiteFideId "24115720"]
[BlackFideId "911925"]
[WhiteElo "2313"]
[BlackElo "2592"]
[Result "1-0"]
[Round "02"]
[TimeControl "180+1"]
[Date "2022.11.30"]
[WhiteClock "0:00:02"]
[BlackClock "0:00:15"]

1. e4 c5 2. Nf3 e6 3. d4 cxd4 4. Nxd4 a6 5. Nc3 Qc7 6. Bd3 Nf6 7. Qe2 d6 8. Bd2 Nc6 9. Nxc6 bxc6 10. Na4 e5 11. c4 Be7 12. O-O O-O 13. b4 Be6 14. Nc3 Nd7 15. Rfc1 Qb7 16. a4 a5 17. Nd5 cxd5 18. cxd5 axb4 19. dxe6 fxe6 20. Bb5 Nc5 21. Bxb4 Nxe4 22. Bc6 Qxb4 23. Bxa8 Rxa8 24. Rc4 Nc3 25. Qd3 Qb2 26. Qxc3 Qxc3 27. Rxc3 d5 28. a5 Bb4 29. Rc6 Rxa5 30. Rxa5 Bxa5 31. Rxe6 Bc3 32. Rd6 d4 33. f3 Kf7 34. Kf2 Ke7 35. Ra6 d3 36. Ke3 d2 37. Ke2 h6 38. h4 Kf7 39. h5 Ke7 40. g4 Kf7 41. Rc6 Bb4 42. Rc4 Ba5 43. Rc5 Bb4 44. Rxe5 Kf6 45. Rf5+ Ke6 46. Rb5 Bc3 47. Rb6+ Kf7 48. Rd6 Bb4 49. Rd4 Ba5 50. Rxd2 Bxd2 51. Kxd2 g6 52. hxg6+ Kxg6 53. Ke3 Kg5 54. Ke4 Kf6 55. Kf4 Ke6 56. g5 h5 57. Kg3 Kf5 58. f4 1-0


[Site "https://www.chess.com"]

[Event "Titled Tuesday Blitz November 29 Late 2022"]
[White "Ankerst, Mihael"]
[Black "Girsh, Daniel"]
[WhiteFideId "14602369"]
[BlackFideId "30949190"]
[WhiteElo "2306"]
[BlackElo "2075"]
[Result "1-0"]
[Round "02"]
[TimeControl "180+1"]
[Date "2022.11.30"]
[WhiteClock "0:00:16"]
[BlackClock "0:00:09"]

1. e4 c5 2. Nf3 d6 3. d4 cxd4 4. Nxd4 Nf6 5. Nc3 a6 6. Bc4 Nc6 7. Nxc6 bxc6 8. e5 d5 9. exf6 dxc4 10. Qxd8+ Kxd8 11. fxe7+ Bxe7 12. Bf4 Bg4 13. f3 Bf5 14. O-O-O+ Kc8 15. Rhe1 Bf6 16. Be5 Bd8 17. g4 f6 18. gxf5 fxe5 19. Re4 Bg5+ 20. Kb1 Kc7 21. Rxc4 Rad8 22. Rg1 Bh6 23. Rc5 Rhe8 24. b4 Rb8 25. a3 Re7 26. Re1 Rf7 27. Rexe5 Bf4 28. Re6 Bd6 29. Ra5 Rb6 30. Na4 Rb5 31. Rxa6 Kb7 32. Rxd6 Kxa6 33. Rxc6+ Kb7 34. Re6 Rbxf5 35. Nc5+ Kc8 36. Kb2 Rxf3 37. a4 R7f4 38. c3 Rc4 39. Ne4 Kd7 40. Re5 Rh3 41. Kb3 Rc8 42. Nc5+ Kd6 43. Re6+ Kd5 44. Re7 g5 45. Rg7 h6 46. a5 Rxh2 47. a6 Rh1 48. Kb2 Rh2+ 49. Ka3 Rh1 50. Kb2 Rh2+ 51. Kb3 Rh1 52. a7 Ra1 53. Na4 Kc6 54. c4 Re8 55. b5+ Kd6 56. Kb4 h5 57. c5+ Kd5 58. Rxg5+ Kd4 59. Rxh5 Rb1+ 60. Ka5 Ra8 61. b6 Ra1 62. Rh4+ Kd5 63. Ka6 Kc6 64. Rh6+ Kd7 65. Kb7 Rf8 66. Nc3 Rf7 67. c6+ Ke8+ 68. c7 Kd7 69. c8=Q+ Ke7 70. Qc7+ Kf8 71. Rh8+ Kg7 72. Rh7+ Kxh7 73. Qxf7+ Kh6 74. Nd5 Rf1 75. Qxf1 Kg5 76. Qf4+ Kh5 77. Qg3 Kh6 78. Kc8 Kh7 79. Kd7 Kh6 80. Ke6 Kh5 81. Kf6 Kh6 82. Qh4# 1-0


[Site "https://www.chess.com"]

[Event "Titled Tuesday Blitz November 29 Late 2022"]
[White "Annaberdiyev, Babageldi"]
[Black "Sarana, Alexey"]
[WhiteFideId "14000385"]
[BlackFideId "24133795"]
[WhiteElo "2639"]
[BlackElo "3002"]
[Result "0-1"]
[Round "02"]
[TimeControl "180+1"]
[Date "2022.11.30"]
[WhiteClock "0:00:15"]
[BlackClock "0:00:09"]

1. e4 c5 2. Nf3 d6 3. d4 cxd4 4. Nxd4 Nf6 5. Nc3 a6 6. Bg5 e6 7. f4 Qb6 8. Qd2 Qxb2 9. Rb1 Qa3 10. f5 Nc6 11. fxe6 Bxe6 12. Rxb7 Nd8 13. Nxe6 fxe6 14. Rb3 Qc5 15. Be3 Qc6 16. Bd3 Be7 17. O-O O-O 18. e5 dxe5 19. Qe2 Bc5 20. Kh1 e4 21. Nxe4 Nxe4 22. Bxe4 Qxe4 23. Bxc5 Rxf1+ 24. Qxf1 Nc6 25. Rf3 h6 26. h3 Qxc2 27. Be3 Rd8 28. Qxa6 Kh7 29. Kh2 Ne5 30. Rg3 Qf5 31. Qe2 Rd5 32. Qb2 Rd1 33. Bf2 Rb1 34. Qe2 Rc1 35. Bd4 Ng6 36. Rf3 Qd5 37. Bb2 Rd1 38. Bc3 e5 39. Rg3 Nf4 40. Qxe5 Qxe5 41. Bxe5 Ne6 42. Re3 Nc5 43. a3 g5 44. Rc3 Nd3 45. Rc7+ Kg6 46. Rc6+ Kf5 47. Bg3 h5 48. Rd6 h4 49. Be1 Ke4 50. Rd8 Rxe1 51. Re8+ Kd4 52. Rxe1 Nxe1 53. a4 Nd3 54. a5 Nc5 55. g3 Ke3 56. gxh4 gxh4 57. Kg2 Kf4 58. Kh2 Kf3 59. Kh1 Kg3 60. Kg1 Kxh3 61. Kh1 Kg3 62. Kg1 h3 63. Kh1 h2 64. a6 Ne4 65. a7 Nf2# 0-1


[Site "https://www.chess.com"]

[Event "Titled Tuesday Blitz November 29 Late 2022"]
[White "Ansh M Shah"]
[Black "Hernandez Gonzalez, William"]
[WhiteFideId "25033379"]
[BlackFideId "3509915"]
[WhiteElo "2084"]
[BlackElo "2374"]
[Result "0-1"]
[Round "02"]
[TimeControl "180+1"]
[Date "2022.11.30"]
[WhiteClock "0:00:12"]
[BlackClock "0:01:02"]

1. d4 Nf6 2. c4 e6 3. g3 Bb4+ 4. Nd2 d5 5. Bg2 O-O 6. Nf3 b6 7. O-O Bb7 8. Ne5 Nbd7 9. a3 Be7 10. Qc2 c5 11. dxc5 bxc5 12. Nxd7 Qxd7 13. Nf3 d4 14. Bf4 Be4 15. Qd2 Qb7 16. Nh4 Bxg2 17. Nxg2 Ne4 18. Qc2 f6 19. Rad1 e5 20. Bc1 Nd6 21. Ne1 Rab8 22. Nd3 Rfc8 23. f4 e4 24. Nf2 f5 25. g4 g6 26. e3 d3 27. Qc3 Kf7 28. Qe5 Qd7 29. gxf5 gxf5 30. Nh3 Qe6 31. Qc3 h6 32. Kh1 Bf6 33. Qd2 Nxc4 34. Qf2 Nxb2 35. Bxb2 Rxb2 36. Rd2 Rxd2 37. Qxd2 c4 38. Qd1 c3 39. Qh5+ Ke7 40. Qxh6 c2 41. Qh7+ Kd6 42. Qxa7 c1=Q 43. Rxc1 Rxc1+ 44. Kg2 Qg8+ 45. Kf2 Bh4# 0-1


[Site "https://www.chess.com"]